 Dungeon Crawl Stone Soup version 0.32-a0-768-g0f6f1dd4b9 (webtiles) character file.

Game seed: 1775450734351625438

4212 Xavori the Ducker (level 10, 0/65 HPs)
             Began as a Djinni Chaos Knight on Mar 18, 2024.
             Was a Plaything of Xom.
             Slain by a soul eater (18 damage)
             ... summoned by Xom
             ... on level 5 of the Dungeon.
             The game lasted 00:14:52 (14656 turns).

Xavori the Ducker (Djinni Chaos Knight)            Turns: 14656, Time: 00:14:52

Health: 0/65       AC:  8    Str: 13    XL:     10   Next: 54%
Gold:   718        EV: 15    Int: 15    God:    Xom [.*....] SH:  5 Dex: 20

rFire   + + .        a - +0 falchion (chaos)
rCold   + . .        (no shield)
rNeg    . . .        f - +2 leather armour {rC+}
rPois   ∞            (no helmet)
rElec   .            y - +0 cloak
rCorr   .            u - +0 pair of gloves
SInv    .            (boots unavailable)
Will    +....        j - amulet of reflection
Stlth   +            l - ring of protection from cold
HPRegen 0.30/turn    z - +6 ring of dexterity
MPRegen 0.00/turn

%: reflection, infuse magic (-1 HP)
@: about to teleport, weakened, flying
A: sickness immunity, fire resistance 2, cold vulnerability 1, float, innate
caster, HP casting, extra vitality 1, frail 1, screaming 1, wild magic 2
a: Renounce Religion


You were on level 5 of the Dungeon.
You worshipped Xom.
You were a plaything of Xom.
You visited 1 branch of the dungeon, and saw 7 of its levels.
You also visited: Sewer and Bailey.

You collected 1006 gold pieces.
You spent 288 gold pieces at shops.

Inventory:

Hand Weapons
 a - a +0 falchion of chaos (weapon)
Missiles
 g - 6 throwing nets (quivered)
Armour
 f - a +2 leather armour of cold resistance (worn)
 u - a +0 pair of gloves (worn)
 x - +0 storm dragon scales
 y - a +0 cloak (worn)
Jewellery
 j - an amulet of reflection (around neck)
 l - a ring of protection from cold (left hand)
 w - a ring of protection from cold
 z - a +6 ring of dexterity (right hand)
Wands
 h - a wand of mindburst (7)
 m - a wand of polymorph (4)
 A - a wand of iceblast (8)
 C - a wand of flame (20)
Scrolls
 b - 2 scrolls of fear
 c - a scroll of butterflies
 e - 3 scrolls of poison
 k - 2 scrolls of fog
 n - a scroll of revelation
 o - a scroll of immolation
 p - a scroll of vulnerability
 r - 2 scrolls of teleportation
 v - 2 scrolls of blinking
 B - a scroll of identify
Potions
 d - 2 potions of curing
 i - 4 potions of enlightenment
 q - a potion of brilliance
 s - a potion of berserk rage
 t - 2 potions of heal wounds


   Skills:
 + Level 6.5 Fighting
 + Level 5.9 Long Blades
 + Level 5.7 Armour
 + Level 6.6 Dodging
 * Level 5.3 Spellcasting
 * Level 5.3 Conjurations
 * Level 5.3 Hexes
   Level 0.0 Charms
 * Level 5.3 Summonings
 * Level 5.3 Necromancy
 * Level 5.3 Translocations
   Level 0.0 Transmutations
 * Level 5.3 Fire Magic
 * Level 5.3 Ice Magic
 * Level 5.3 Air Magic
 * Level 5.3 Earth Magic
 * Level 5.3 Alchemy
 + Level 5.4 Evocations


You knew the following spells:

 Your Spells              Type           Power      Damage    Failure   Level
a - Kiss of Death         Conj/Necr      100%       2d13      7%          1
b - Searing Ray           Conj           62%        2d6       9%          2
c - Teleport Other        Tloc           31%        N/A       16%         3
d - Manifold Assault      Tloc           31%        N/A       38%         4
Your spell library was empty.

Dungeon Overview and Level Annotations

Branches:
Dungeon (7/15)             Temple (0/1) D:7           Sewer (visited)
 Bailey (visited)

Altars:
Hepliaklqana
Wu Jian
Xom
The Shining One

Shops:
D:4 (   D:6 ?[*

Annotations:
D:6 Maggie


Innate Abilities, Weirdness & Mutations

You are immune to sickness and miasma.
You are immune to poison.
Your flesh is very heat resistant. (rF++)
You are vulnerable to cold. (rC-)
You float through the air rather than walking.
You learn spells naturally, not from books.
Your magical power is your life essence.
You have superior vitality. (+4 MHP)
You are frail. (-10% HP)
You occasionally shout uncontrollably at your foes.
Your spells are harder to cast, but more powerful.


Message History

Things that are here:
a +0 robe; a +0 dagger "Fight to survive, mortal."
You are now a plaything of Xom.
You hit the soul eater but do no damage.
The crimson imp blinks!
The soul eater hits you!!
A shower of butterflies erupts from you!
You block the orange demon's attack. The orange demon hits you.
There are monsters nearby!
You hit the soul eater but do no damage.
The orange demon stings you but does no damage.
The orange demon hits you.
You feel your attacks grow feeble. The soul eater barely misses you.
The shadow imp disappears for a moment.
There are monsters nearby!
You hit the soul eater but do no damage.
Something completely misses your butterfly.
Something barely misses your butterfly. The orange demon stings you.
You emit a cloud of colourful smoke!
The orange demon misses you.
The crimson imp shouts, "Escape, thou horrid tip-merry maggot-pie!"
The soul eater hits you.
As you read the scroll of teleportation, it crumbles to dust.
You feel strangely unstable. The orange demon completely misses you.
The orange demon hits you but does no damage.
The soul eater hits you!!
* * * LOW HITPOINT WARNING * * *
Unknown command.
Unknown command.
You feel much better. The orange demon stings you! The orange demon hits you.
You feel as though you will be weak longer.
The soul eater hits you!
* * * LOW HITPOINT WARNING * * *
You closely miss the orange demon.
The orange demon stings you but does no damage.
The orange demon hits you but does no damage.
The soul eater hits you!!
You die... "It's all fun and games until someone loses an eye."

##......###.#.#.~#
........# #.#.#.##
#.......# #.#.#*#
#.......# #.#.##
........# #.#..#
...###.####.##.#######
.....................#
##..##.####.##§#####.#
.......#....b.53@45#,*
....#..#....##b###5#,*
....##.#.........#.#,*
##+###.........#.#.#,*
....##......####(#.#,*
....##.#....# #.#.#,*
....+..#...[####)#.#,*
....##.#.........###**
....#...[........#


You could see a soul eater (summoned, ally target), an orange demon (summoned),
a crimson imp (summoned), a white imp (summoned) and a shadow imp (summoned).

Vanquished Creatures
  Prince Ribbit (D:6)
  A spriggan (Bailey)
  A vampire (D:5)
  3 yaks
  Grum (Bailey)
  Menkaure (D:5)
  A water moccasin (D:5)
  2 ice beasts
  2 ogres
  3 wolves (Bailey)
  A centaur (D:5)
  A phantom (D:7)
  2 kobold brigands (Sewer)
  5 gnoll sergeants (Bailey)
  3 scorpions
  3 wights (D:6)
  An electric eel (D:6)
  2 bombardier beetles (D:6)
  2 hounds (Bailey)
  3 jellies
  An orc priest (D:4)
  7 gnoll boudas (Bailey)
  3 iguanas
  2 sleepcaps
  Ijyb (D:4)
  3 orc wizards
  Robin (D:4)
  19 gnolls
  4 river rats (Sewer)
  4 adders
  A shadow imp (D:5)
  2 ufetubi (D:5)
  A dart slug (D:1)
  26 orcs
  5 bats
  9 endoplasms
  A giant cockroach (D:2)
  19 goblins
  9 hobgoblins
  14 jackals
  6 quokkas
  5 ball pythons
  2 frilled lizards (D:1)
  3 goblin skeletons (D:5)
  2 goblin zombies (D:5)
  9 kobolds
  An orc zombie (D:5)
  6 rats
205 creatures vanquished.

Vanquished Creatures (collateral kills)
  Edmund (D:6)
  A bullfrog (D:6)
  A wight (D:6)
  A gnoll bouda (Bailey)
  An adder (D:6)
  An orc (D:6)
6 creatures vanquished.

Vanquished Creatures (others)
  2 river rats (D:6)
  2 rats (D:6)
4 creatures vanquished.

Grand Total: 215 creatures vanquished

Notes
Turn   | Place    | Note
-------+----------+-------------------------------------------
     0 | D:1      | Xavori the Djinni Chaos Knight began the quest for the Orb.
     0 | D:1      | Reached XP level 1. HP: 20/20 MP: 0/0
     5 | D:1      | XOM: silly message
    68 | D:1      | Reached XP level 2. HP: 13/25 MP: 0/0
   503 | D:1      | XOM: scenery: summon butterflies
   531 | D:1      | Reached XP level 3. HP: 30/30 MP: 0/0
   531 | D:1      | Learned a level 1 spell: Kiss of Death
   842 | D:1      | XOM: scenery: create altars
  1091 | D:1      | XOM: god gift: robe {god gift}
  1319 | D:1      | XOM: scenery: summon butterflies
  1333 | D:1      | XOM: scenery: create altars
  2380 | D:1      | XOM: divination: detect items
  2384 | D:1      | XOM: scenery: create altars
  3174 | D:1      | XOM: give mutations
  3174 | D:1      | Gained mutation: You are partially covered in iridescent
                  | scales. (AC +2) [Xom's mischief]
  3174 | D:1      | Gained mutation: You are frail. (-10% HP) [Xom's mischief]
  3174 | D:1      | Lost mutation: You are partially covered in iridescent
                  | scales. (AC +2) [Xom's mischief]
  3174 | D:1      | Gained mutation: You are somewhat resistant to further
                  | mutation. [Xom's mischief]
  3842 | D:1      | XOM: god gift: 44 gold pieces
  4007 | D:1      | XOM: give mutations
  4007 | D:1      | Gained mutation: You passively map a small area around you.
                  | [Xom's mischief]
  4007 | D:1      | Gained mutation: Your body sometimes deteriorates upon
                  | taking damage. [Xom's mischief]
  4007 | D:1      | Gained mutation: You are agile. (Dex +4, Str/Int -1) [Xom's
                  | mischief]
  4254 | D:1      | XOM: give mutation
  4254 | D:1      | Gained mutation: Your flesh is almost immune to the effects
                  | of heat. (rF+++) [Xom's grace]
  4804 | D:1      | XOM: god gift: 389 gold pieces
  4900 | D:1      | XOM: noise
  5178 | D:1      | XOM: give mutations
  5178 | D:1      | Gained mutation: You have a pair of small horns on your
                  | head. [Xom's grace]
  5178 | D:1      | Gained mutation: Your spells are a little harder to cast,
                  | but a little more powerful. [Xom's grace]
  5178 | D:1      | Gained mutation: You are partially covered in large bone
                  | plates. (SH +4) [Xom's grace]
  5227 | D:1      | XOM: cloud trail
  5302 | D:1      | XOM: draining
  5588 | D:1      | XOM is BORED!
  5588 | D:1      | XOM: torment (12/22 hp)
  5741 | D:1      | XOM: torment (12/22 hp)
  6419 | D:1      | XOM: god gift: 26 gold pieces
  6723 | D:1      | XOM: cloud trail
  6953 | D:1      | XOM: god gift: shiny iron wand {god gift}
  8036 | D:2      | XOM: 4-stop teleportation journey
  8261 | D:2      | Reached XP level 4. HP: 21/30 MP: 0/0
  8369 | D:3      | XOM: god gift: 4 stones
  8679 | D:3      | Reached XP level 5. HP: 35/36 MP: 0/0
  8679 | D:3      | Learned a level 2 spell: Searing Ray
  8685 | D:3      | Reached skill level 1 in Spellcasting
  8685 | D:3      | Reached skill level 1 in Conjurations
  8685 | D:3      | Reached skill level 1 in Hexes
  8685 | D:3      | Reached skill level 1 in Summonings
  8685 | D:3      | Reached skill level 1 in Necromancy
  8685 | D:3      | Reached skill level 1 in Translocations
  8685 | D:3      | Reached skill level 1 in Fire Magic
  8685 | D:3      | Reached skill level 1 in Ice Magic
  8685 | D:3      | Reached skill level 1 in Air Magic
  8685 | D:3      | Reached skill level 1 in Earth Magic
  8685 | D:3      | Reached skill level 1 in Alchemy
  8685 | D:3      | XOM: give mutations
  8685 | D:3      | Lost mutation: You passively map a small area around you.
                  | [Xom's mischief]
  8693 | D:3      | XOM: god gift: 3 stones
  8843 | D:3      | Reached skill level 1 in Evocations
  8884 | D:3      | XOM: god gift: pair of gloves {god gift}
  8971 | D:3      | XOM: give mutation
  8971 | D:3      | Gained mutation: You are partially covered in iridescent
                  | scales. (AC +2) [Xom's grace]
  8982 | D:3      | XOM: scenery: summon butterflies
  9049 | D:3      | Found an ornate altar of the Wu Jian Council.
  9081 | D:3      | XOM: scenery: summon butterflies
  9384 | D:4      | Found Fuybaon's Weapon Boutique.
  9390 | D:4      | Reached XP level 6. HP: 42/42 MP: 0/0
  9440 | D:4      | XOM: fog
  9456 | D:4      | Noticed Robin
  9458 | D:4      | XOM: smoke on damage
  9471 | D:4      | Killed Robin
  9547 | D:4      | Noticed Ijyb
  9563 | D:4      | Killed Ijyb
  9611 | D:4      | Noticed an ogre
  9619 | D:4      | XOM: butterfly on damage
  9623 | D:4      | XOM: give mutation
  9623 | D:4      | Gained mutation: You have a pair of horns on your head.
                  | [Xom's grace]
  9623 | D:4      | Killed an ogre
  9624 | D:4      | Reached XP level 7. HP: 9/46 MP: 0/0
  9624 | D:4      | Learned a level 3 spell: Teleport Other
  9718 | D:4      | XOM: god gift: scroll labelled ITAERY VIKUO {god gift}
 10229 | D:4      | XOM: give mutations
 10229 | D:4      | Lost mutation: You are agile. (Dex +4, Str/Int -1) [Xom's
                  | mischief]
 10229 | D:4      | Lost mutation: You have a pair of horns on your head.
                  | [Xom's mischief]
 10229 | D:4      | Gained mutation: You possess an exceptional clarity of
                  | mind. [Xom's mischief]
 10308 | D:5      | Entered Level 5 of the Dungeon
 10311 | D:5      | XOM: 2-stop teleportation journey
 10336 | D:5      | XOM: 3-stop teleportation journey
 10337 | D:5      | XOM: summons 2 hostile demons
 10395 | D:5      | XOM: give mutations
 10395 | D:5      | Lost mutation: You possess an exceptional clarity of mind.
                  | [Xom's mischief]
 10395 | D:5      | Lost mutation: You have a pair of small horns on your head.
                  | [Xom's mischief]
 10493 | D:5      | Noticed a vampire
 10499 | D:5      | XOM: confusion
 10503 | D:5      | Killed a vampire
 10504 | D:5      | Reached XP level 8. HP: 52/52 MP: 0/0
 10567 | D:5      | XOM: fog
 10580 | D:5      | Found a glowing golden altar of the Shining One.
 10580 | D:5      | You are sucked into a shaft and drop 2 floors!
 10629 | D:7      | Found a flagged portal.
 10657 | Bailey   | Entered a bailey
 10805 | Bailey   | XOM: cast spell 'Monstrous Menagerie'
 10806 | Bailey   | XOM: polymorph gnoll sergeant -> rat
 10809 | Bailey   | XOM: divination: detect items
 10815 | Bailey   | XOM: confusion (+ monsters)
 11047 | Bailey   | XOM: give mutations
 11047 | Bailey   | Gained mutation: You have a beak for a mouth. [Xom's grace]
 11047 | Bailey   | Gained mutation: Your spells are harder to cast, but more
                  | powerful. [Xom's grace]
 11047 | Bailey   | Gained mutation: You possess an exceptional clarity of
                  | mind. [Xom's grace]
 11096 | Bailey   | Noticed Grum
 11324 | Bailey   | XOM: noise
 11331 | Bailey   | XOM: noise
 11343 | Bailey   | XOM: draining
 11368 | Bailey   | XOM: chaos cloud
 11377 | Bailey   | XOM: confuse monster(s)
 11378 | Bailey   | Reached skill level 5 in Fighting
 11378 | Bailey   | Reached skill level 5 in Dodging
 11378 | Bailey   | Reached XP level 9. HP: 28/58 MP: 0/0
 11378 | Bailey   | Learned a level 4 spell: Manifold Assault
 11474 | Bailey   | XOM: noise
 11904 | Bailey   | XOM: summons friendly iron imp
 11906 | Bailey   | XOM: noise
 11939 | Bailey   | XOM: silly message
 12043 | Bailey   | XOM: silly message
 12046 | Bailey   | XOM: polymorph gnoll sergeant -> spriggan
 12053 | Bailey   | XOM: summons 5 friendly demons
 12063 | Bailey   | Reached skill level 5 in Long Blades
 12072 | Bailey   | Killed Grum
 12218 | Bailey   | XOM: swap monsters
 12222 | Bailey   | XOM: summons friendly iron imp
 12410 | Bailey   | XOM: scenery: 1 doors close
 12566 | D:7      | Reached skill level 5 in Armour
 12566 | D:7      | XOM: fake destruction
 12590 | D:6      | XOM: smoke on damage
 12714 | D:6      | XOM: scenery: create altars
 12726 | D:6      | Reached XP level 10. HP: 51/64 MP: 0/0
 12768 | D:6      | Noticed Edmund
 12770 | D:6      | Found a glowing drain.
 12770 | D:6      | XOM: destruction
 12778 | D:6      | XOM: summons 4 friendly demons
 12782 | D:6      | Killed Edmund
 12796 | Sewer    | Entered a sewer
 12883 | Sewer    | XOM: god gift: blackened sapphire amulet {god gift}
 12941 | Sewer    | Found a white marble altar of Elyvilon.
 13038 | D:6      | Found Syag Wuakhy's Assorted Antiques.
 13040 | D:6      | Found Quntevue's Armour Boutique.
 13042 | D:6      | Found Faukeh's Magic Scroll Shop.
 13046 | D:6      | Bought a scroll of identify for 48 gold pieces
 13077 | D:6      | Bought a scroll of teleportation for 36 gold pieces
 13077 | D:6      | Bought a scroll of fear for 48 gold pieces
 13077 | D:6      | Bought a scroll of teleportation for 36 gold pieces
 13077 | D:6      | Bought a scroll of poison for 48 gold pieces
 13077 | D:6      | Bought a scroll of identify for 24 gold pieces
 13077 | D:6      | Bought a scroll of identify for 24 gold pieces
 13077 | D:6      | Bought a scroll of identify for 24 gold pieces
 13121 | D:6      | XOM: divination: detect creatures
 13291 | D:6      | Identified the +9 mace of Embarrassment {freeze, rPois rF+
                  | Int-2 Dex+5}
 13323 | D:6      | Found a hazy altar of Hepliaklqana.
 13332 | D:6      | Noticed Prince Ribbit
 13337 | D:6      | Reached skill level 5 in Evocations
 13343 | D:6      | Killed Prince Ribbit
 13344 | D:6      | Reached skill level 5 in Spellcasting
 13344 | D:6      | Reached skill level 5 in Conjurations
 13344 | D:6      | Reached skill level 5 in Hexes
 13344 | D:6      | Reached skill level 5 in Summonings
 13344 | D:6      | Reached skill level 5 in Necromancy
 13344 | D:6      | Reached skill level 5 in Translocations
 13344 | D:6      | Reached skill level 5 in Fire Magic
 13344 | D:6      | Reached skill level 5 in Ice Magic
 13344 | D:6      | Reached skill level 5 in Air Magic
 13344 | D:6      | Reached skill level 5 in Earth Magic
 13344 | D:6      | Reached skill level 5 in Alchemy
 13485 | D:6      | XOM: cleaving
 13502 | D:6      | Noticed Maggie
 13597 | D:5      | XOM: 2-stop teleportation journey
 13712 | D:5      | XOM: divination: magic mapping
 13834 | D:5      | XOM: scenery: 1 doors open
 13870 | D:5      | XOM: give mutations
 13870 | D:5      | Gained mutation: You occasionally shout uncontrollably at
                  | your foes. [Xom's mischief]
 13870 | D:5      | Lost mutation: You possess an exceptional clarity of mind.
                  | [Xom's mischief]
 13870 | D:5      | Lost mutation: Your body sometimes deteriorates upon taking
                  | damage. [Xom's mischief]
 13870 | D:5      | Lost mutation: You have a beak for a mouth. [Xom's
                  | mischief]
 13949 | D:5      | Noticed Menkaure
 13953 | D:5      | XOM: butterfly on damage
 13969 | D:5      | XOM: summons 3 hostile demons
 13973 | D:5      | Killed Menkaure
 14002 | D:5      | XOM: give mutations
 14002 | D:5      | Lost mutation: Your flesh is almost immune to the effects
                  | of heat. (rF+++) [Xom's mischief]
 14002 | D:5      | Lost mutation: You are partially covered in large bone
                  | plates. (SH +4) [Xom's mischief]
 14002 | D:5      | Lost mutation: You are somewhat resistant to further
                  | mutation. [Xom's mischief]
 14002 | D:5      | Lost mutation: You are partially covered in iridescent
                  | scales. (AC +2) [Xom's mischief]
 14408 | D:5      | XOM: blink monster(s)
 14650 | D:5      | XOM: summons 6 hostile demons
 14651 | D:5      | Noticed a soul eater
 14651 | D:5      | Noticed an orange demon
 14651 | D:5      | XOM: butterfly on damage
 14653 | D:5      | XOM: smoke on damage
 14656 | D:5      | Slain by a soul eater

Illustrated notes

Levels and vault maps discovered:
D:1:      minmay_arrival_four_loops, layout_basic
D:2:      layout_basic
D:3:      layout_basic, mainiacjoe_overflow_cross_hatched, chequers_big_river,
          minmay_misc_feat_encased, hangedman_decor_riveting
D:4:      layout_basic, serial_shops, nicolae_shop_crystal, uniq_robin,
          uniq_ijyb
D:5:      layout_basic, nicolae_tso_besieged_by_evil, serial_aquarium,
          aquarium_bridge_long_separate [aquarium_subvault_bridge,
          aquarium_subvault_wall, aquarium_subvault_wall,
          aquarium_subvault_bridge, aquarium_subvault_wall,
          aquarium_subvault_window], aquarium_bridge_straight
          [aquarium_subvault_bridge, aquarium_subvault_balcony,
          aquarium_subvault_bridge, aquarium_subvault_wall],
          aquarium_window_fake, aquarium_window_1, aquarium_view_2a,
          uniq_menkaure
D:6:      layout_loops_corners, mainiacjoe_overflow_24_doors,
          nicolae_gozag_zags_fifth_avenue, portal_sewer_entry_b,
          nicolae_wooded_promenade, uniq_edmund, uniq_maggie,
          uniq_prince_ribbit1
D:7:      layout_basic, temple_statues, enter_bailey_5,
          hangedman_abyss_or_decor_lesser_grid, amcnicky_mini_corridor_feature

Skill      XL: |  1  2  3  4  5  6  7  8  9 10 |
---------------+-------------------------------+-----
Long Blades    | 3 4 5 |  5.9
Armour         | 2 3 4 5 |  5.7
Dodging        | 3 4 5 6 |  6.6
Spellcasting   | 1 2 3 4 5 |  5.3
Conjurations   | 1 2 3 4 5 |  5.3
Hexes          | 1 2 3 4 5 |  5.3
Summonings     | 1 2 3 4 5 |  5.3
Necromancy     | 1 2 3 4 5 |  5.3
Translocations | 1 2 3 4 5 |  5.3
Fire Magic     | 1 2 3 4 5 |  5.3
Ice Magic      | 1 2 3 4 5 |  5.3
Air Magic      | 1 2 3 4 5 |  5.3
Earth Magic    | 1 2 3 4 5 |  5.3
Alchemy        | 1 2 3 4 5 |  5.3
Evocations     | 1 2 3 4 5 |  5.4
Fighting       | 4 5 6 |  6.5

Action                     |  1- 3 |  4- 6 |  7- 9 | 10-12 || total
---------------------------+-------+-------+-------+-------++-------
  Melee: Falchion          |   111 |   131 |   247 |   214 ||   703
         Headbutt          |     6 |    33 |    14 |       ||    53
         Peck              |       |       |    46 |    31 ||    77
   Cast: Searing Ray       |       |       |    29 |       ||    29
         Teleport Other    |       |       |     5 |       ||     5
  Evoke: Wand              |       |       |     2 |       ||     2
    Use: Scroll            |       |       |     9 |     6 ||    15
         Potion            |       |       |     3 |     1 ||     4
   Stab: Paralysed         |     1 |       |     2 |     3 ||     6
         Sleeping          |     2 |     1 |     2 |     1 ||     6
         Confused          |       |       |     7 |     5 ||    12
         Held in net/web   |       |       |     1 |       ||     1
         Distracted        |       |       |     1 |       ||     1
         Petrified         |       |       |     1 |       ||     1
 Armour: Leather armour    |    65 |    58 |   155 |    96 ||   374
  Dodge: Dodged            |   102 |    59 |   178 |    89 ||   428
  Block: Other             |     9 |    55 |   107 |    68 ||   239
         Reflection        |       |       |     4 |     5 ||     9

Table legend: (Time is in decaauts)
 A = Elapsed time spent in this place.
 B = Non-inter-level travel time spent in this place.
 C = Inter-level travel time spent in this place.
 D = Time resting spent in this place.
 E = Time spent auto-exploring this place.
 F = Levels seen in this place.
 G = Mean time per level.
                   A        B        C        D        E       F      G
               +--------+--------+--------+--------+--------+-----+--------+
         Total |  14713 |  14518 |    195 |   8149 |   4406 |   9 | 1634.8 |
       Dungeon |  12699 |  12504 |    195 |   7368 |   3784 |   7 | 1814.1 |
         Sewer |    189 |    189 |      0 |      0 |    129 |   1 |  189.0 |
        Bailey |   1824 |   1824 |      0 |    781 |    493 |   1 | 1824.0 |
               +--------+--------+--------+--------+--------+-----+--------+

Top non-repeatable levels by time:
     D:1: 7468 daAuts
  Bailey: 1824 daAuts
     D:5: 1412 daAuts
     D:3: 1088 daAuts
     D:4: 938 daAuts
     D:2: 853 daAuts
     D:6: 751 daAuts
   Sewer: 189 daAuts
     D:7: 186 daAuts
